 Dungeon Crawl Stone Soup version 0.30-a0-793-g160f7cfddd (webtiles) character file.

Game seed: 12486178995173952441

15 Farfigtubin the Sneak (level 2, -1/18 HPs)
             Began as a Kobold Brigand on Feb 19, 2023.
             Slain by Eustachio
             ... wielding a +0 rapier
              (7 damage)
             ... on level 4 of the Dungeon.
             The game lasted 00:03:33 (440 turns).

Farfigtubin the Sneak (Kobold Brigand)               Turns: 440, Time: 00:03:34

Health: -1/18      AC:  3    Str:  8    XL:     2   Next: 65%
Magic:  2/2        EV: 14    Int: 12    God:
Gold:   19         SH:  0    Dex: 16    Spells: 1/1 levels left

rFire   . . .      SeeInvis .    a - +2 dagger
rCold   . . .      Faith    .    (no shield)
rNeg    . . .      Spirit   .    b - +0 robe
rPois   .          Reflect  .    (no helmet)
rElec   .          Harm     .    c - +0 cloak
rCorr   .          Rampage  .    (no gloves)
Will    .....                    (no boots)
Stlth   ++++                     (no amulet)
HPRegen 0.23/turn                (no ring)
MPRegen 0.08/turn                (no ring)

@: no status effects
A: small, no large weapons, nightstalker 3
a: no special abilities


You were on level 4 of the Dungeon.
You visited 1 branch of the dungeon, and saw 4 of its levels.

You collected 19 gold pieces.

Inventory:

Hand Weapons
 a - a +2 dagger (weapon)
Missiles
 d - 9 poisoned darts (quivered)
 e - 2 curare-tipped darts
Armour
 b - a +0 robe (worn)
 c - a +0 cloak (worn)
Scrolls
 f - 4 scrolls of identify {unknown}
Potions
 g - a potion of flight {unknown}
 h - 2 potions of curing {unknown}
 i - a potion of invisibility {unknown}
 j - a potion of haste {unknown}


   Skills:
 + Level 2.5 Fighting
 + Level 3.1 Short Blades
 - Level 2.1 Throwing
 - Level 1.2 Dodging
 * Level 5.8 Stealth


You had one spell level left.
You didn't know any spells.
Your spell library was empty.

Dungeon Overview and Level Annotations

Branches:
Dungeon (4/15)
 Temple: D:4-7

Altars:

Annotations:
D:4 Eustachio


Innate Abilities, Weirdness & Mutations

You are small and have problems with some larger weapons.
You are completely attuned to the shadows.


Message History

A goblin comes into view. It is wielding a +0 dagger.
An endoplasm comes into view.
Found a stone staircase leading up.
Found 5 stones.
There is a stone staircase leading up here.
You climb upwards.
There is a stone staircase leading down here.
You climb downwards.
There is a stone staircase leading up here.
Found a stone staircase leading down.
There is a stone staircase leading down here.
You climb downwards.
There is a stone staircase leading up here.
An ufetubus comes into view.
The helpless ufetubus fails to defend itself.
You impale the ufetubus!!
You kill the ufetubus!
Eustachio the Magnificent comes into view.
He is wielding a +0 rapier and wearing a +1 leather armour of fire resistance.
Throw: 3 darts (curare)
Press: ? - help, Shift-Dir - straight line, f - Eustachio
Aim: Eustachio, wielding a +0 rapier and wearing a +1 leather armour of fire resistance (51% to hit)
You throw a curare-tipped dart. The curare-tipped dart hits Eustachio.
Eustachio is poisoned.
Eustachio convulses.
Eustachio seems to slow down.
Eustachio is lightly wounded.
Eustachio hits you with a +0 rapier.
You hit Eustachio.
Eustachio is moderately wounded.
Eustachio gestures wildly while chanting.
You hit Eustachio.
Eustachio is moderately wounded.
You barely miss Eustachio.
Eustachio is moderately wounded.
Eustachio hits you with a +0 rapier!
You hit Eustachio but do no damage.
Eustachio is heavily wounded.
You hit Eustachio.
Eustachio is heavily wounded.
Eustachio hits you with a +0 rapier!
You die...

#
###########.##
#........@@r..
#.#########.#.
#.# # #.# #.#
#.# #.# #.#
#.#


You could see Eustachio (very poisoned, slow) and a river rat (summoned).

Vanquished Creatures
  An ufetubus (D:4)
  2 bats (D:3)
  A giant cockroach (D:1)
  A goblin (D:3)
  2 hobgoblins
  A frilled lizard (D:3)
  A rat (D:1)
9 creatures vanquished.

Notes
Turn   | Place    | Note
-------+----------+-------------------------------------------
     0 | D:1      | Farfigtubin the Kobold Brigand began the quest for the Orb.
     0 | D:1      | Reached XP level 1. HP: 12/12 MP: 1/1
   309 | D:3      | Reached XP level 2. HP: 18/18 MP: 2/2
   432 | D:4      | Noticed Eustachio
   440 | D:4      | Slain by Eustachio

Illustrated notes

Levels and vault maps discovered:
D:1:      mainiacjoe_arrival_reflecting_pool, layout_loops_corners,
          minivault_19, minmay_misc_feat_tower
D:2:      layout_basic, kennysheep_generic_room_6
D:3:      layout_loops_ring, dilly_ecumenical_altar_fadedgnrine,
          nicolae_concentric_dashed_squares_mild, kennysheep_potato
D:4:      layout_basic, serial_glass, glass_columns_b, glass_columns_a,
          uniq_eustachio

Skill      XL: |  1  2 |
---------------+-------+-----
Short Blades   | 3 |  3.1
Fighting       | |  2.5
Throwing       | |  2.1
Dodging        | |  1.2
Stealth        | |  5.8

Action                     || total
---------------------------++-------
  Melee: Dagger            ||    28
  Throw: Dart              ||     1
   Stab: Sleeping          ||     6
 Armour: Robe              ||     2
  Dodge: Dodged            ||    10

Table legend: (Time is in decaauts)
 A = Elapsed time spent in this place.
 B = Non-inter-level travel time spent in this place.
 C = Inter-level travel time spent in this place.
 D = Time resting spent in this place.
 E = Time spent auto-exploring this place.
 F = Levels seen in this place.
 G = Mean time per level.
                   A        B        C        D        E       F      G
               +--------+--------+--------+--------+--------+-----+--------+
         Total |    435 |    435 |      0 |      0 |      0 |   4 |  108.8 |
       Dungeon |    435 |    435 |      0 |      0 |      0 |   4 |  108.8 |
               +--------+--------+--------+--------+--------+-----+--------+

Top non-repeatable levels by time:
     D:1: 173 daAuts
     D:3: 171 daAuts
     D:2: 65 daAuts
     D:4: 26 daAuts
